Quebec Remparts vs Cape Breton Oilers
Created - Sunday, September 29, 2024 at 06:50
Goals
|
| Quebec Remparts |
5 |
0 |
2 |
7 |
| Cape Breton Oilers |
0 |
5 |
0 |
5 |
|
Shots
|
| Quebec Remparts |
14 |
15 |
10 |
39 |
| Cape Breton Oilers |
10 |
15 |
3 |
28 |
|
1st period
1. Quebec Remparts , Hendrix Lapierre 12 (Adam Edstrom 5, Joshua Roy 18) at 0:38
2. Quebec Remparts , Hendrix Lapierre 13 (Adam Edstrom 6) at 9:11
3. Quebec Remparts , Joshua Roy 24 (Nick Robertson 24, Kevin Rooney 15) at 11:14 (PP)
4. Quebec Remparts , Thomas Bordeleau 30 (Andreas Athanasiou 27, Paul Cotter 19) at 11:49 (PP)
5. Quebec Remparts , Adam Edstrom 5 (Hendrix Lapierre 23, Ryan Shea 14) at 12:41
Penalties :
Leon Gawanke (CBO) for Interference (Minor) at 11:04, Will Cuylle (CBO) for High sticking (Minor) at 11:43, Kevin Bahl (CBO) for Fighting (Major) at 17:12, David Jiricek (QUE) for Fighting (Major) at 17:12, Leon Gawanke (CBO) for Fighting (Major) at 17:22, Andreas Athanasiou (QUE) for Fighting (Major) at 17:22, Andreas Athanasiou (QUE) for instigated a fight (Minor) at 17:22, Andreas Athanasiou (QUE) for instigated a fight (10 Minutes Misconduct) at 17:22
2nd period
6. Cape Breton Oilers , Max Jones 10 (Dominic Toninato 10) at 2:17
7. Cape Breton Oilers , Dominic Toninato 13 (Max Jones 13, Leon Gawanke 5) at 6:30
8. Cape Breton Oilers , Vladislav Kolyachonok 3 (Jonny Brodzinski 24, Luke Evangelista 26) at 6:38 (PP)
9. Cape Breton Oilers , Carl Grundstrom 4 (Alexey Toropchenko 28) at 7:45
10. Cape Breton Oilers , Alexey Toropchenko 16 (Leon Gawanke 6) at 18:16
Penalties :
Paul Cotter (QUE) for Holding (Minor) at 6:33, Maximus Wanner (QUE) for Roughing (Minor) at 11:16, Kevin Bahl (CBO) for Tripping (Minor) at 19:03
3rd period
11. Quebec Remparts , Rasmus Kupari 8 (Gavin White 3, Hendrix Lapierre 24) at 2:50
12. Quebec Remparts , Thomas Bordeleau 31 (Maximus Wanner 6) at 19:14 (Empty Net)
Penalties :
Brett Seney (CBO) for Roughing (Minor) at 3:03, Brett Seney (CBO) for Boarding (Minor) at 8:25, Joshua Roy (QUE) for Roughing (Minor) at 15:11
Goalie Stats
Devon Levi (QUE), 23 saves from 28 shots - (0.821), W, 7-1-1, 60:00 minutes
Hunter Jones (CBO), 32 saves from 38 shots - (0.842), L, 6-4-3, 59:40 minutes
Players Stats for Quebec Remparts
Player Name G A P +/- PIM S H SB GA TA FO MP PP MP PK MP
------------------------------------------------------------------------------------
Adam Edstrom 1 2 3 4 0 1 1 0 1 0 1/1 14:59 0:00 1:48
Andreas Athanasiou 0 1 1 1 17 1 0 0 2 1 2/3 14:35 3:45 1:30
David Jiricek 0 0 0 1 5 1 3 2 0 1 0/0 22:18 2:45 1:43
Dysin Mayo 0 0 0 -1 0 1 2 4 0 0 0/0 21:01 3:28 2:59
Gavin White 0 1 1 2 0 1 0 0 0 0 0/0 14:43 0:00 0:52
Hendrix Lapierre 2 2 4 4 0 5 1 0 2 1 2/5 15:11 0:00 2:37
Ivan Ivan 0 0 0 -1 0 0 1 0 0 1 0/0 6:52 0:00 0:20
Jordan Spence 0 0 0 0 0 1 3 0 0 0 0/0 25:22 2:45 3:03
Joshua Roy 1 1 2 -1 2 6 0 0 2 0 0/0 17:02 2:28 0:00
Kevin Rooney 0 1 1 -1 0 2 1 1 0 1 12/22 19:23 2:28 2:37
Matthew Poitras 0 0 0 -2 0 1 0 1 0 0 4/4 7:18 0:00 0:00
Maximus Wanner 0 1 1 2 2 1 0 2 0 0 0/0 15:01 0:00 0:09
Nick Robertson 0 1 1 -1 0 7 1 2 0 0 2/2 16:58 2:28 0:00
Olle Lycksell 0 0 0 -2 0 1 0 0 0 0 0/0 6:59 0:00 0:00
Paul Cotter 0 1 1 0 2 0 4 0 0 0 1/1 17:26 3:45 0:32
Rasmus Kupari 1 0 1 4 0 1 1 0 0 1 0/0 12:31 0:00 0:00
Ryan Shea 0 1 1 -2 0 0 1 0 0 3 0/0 21:46 3:28 3:18
Thomas Bordeleau 2 0 2 -2 0 9 5 0 2 0 16/29 24:28 3:45 2:40
Players Stats for Cape Breton Oilers
Player Name G A P +/- PIM S H SB GA TA FO MP PP MP PK MP
------------------------------------------------------------------------------------
Alex Belzile 0 0 0 1 0 1 0 1 0 0 1/2 6:29 0:00 0:00
Alexey Toropchenko 1 1 2 0 0 3 0 2 2 1 0/7 24:37 3:02 3:02
Brennan Othmann 0 0 0 1 0 2 2 0 0 0 0/0 12:47 0:00 0:00
Brett Seney 0 0 0 -1 4 1 3 0 0 1 0/3 16:36 3:02 0:00
Carl Grundstrom 1 0 1 1 0 1 3 0 1 0 0/0 7:12 0:01 0:00
Dominic Toninato 1 1 2 0 0 4 0 2 0 0 4/7 13:12 0:00 0:00
Jonny Brodzinski 0 1 1 -2 0 1 3 0 0 1 3/13 17:01 2:59 0:00
Kevin Bahl 0 0 0 -3 7 1 2 2 0 0 0/0 21:53 2:04 2:00
Leon Gawanke 0 2 2 1 7 0 1 3 0 0 0/0 13:44 0:00 0:00
Luke Evangelista 0 1 1 -2 0 5 1 1 0 0 2/3 19:58 2:59 3:02
Matt Luff 0 0 0 0 0 1 0 0 0 0 0/0 3:15 0:01 0:00
Max Jones 1 1 2 1 0 3 2 0 2 0 3/6 16:28 0:01 3:11
Parker Kelly 0 0 0 0 0 0 1 0 0 1 14/25 19:35 3:02 3:11
Philip Broberg 0 0 0 -3 0 0 0 1 2 1 0/0 25:06 3:03 3:07
Vladislav Kolyachonok 1 0 1 1 0 1 1 0 0 0 0/0 21:12 2:59 3:06
Will Cuylle 0 0 0 -2 2 2 3 0 1 0 0/1 17:00 2:59 0:00
William Trudeau 0 0 0 1 0 2 1 2 0 2 0/0 16:09 0:51 1:07
Wyatt Kaiser 0 0 0 1 0 0 2 3 1 2 0/0 21:26 3:07 3:06
3 Stars
1 - Hendrix Lapierre (QUE)
2 - Adam Edstrom (QUE)
3 - Rasmus Kupari (QUE)
Power Play
Quebec Remparts - 2 on 5 Attempt(s) - 40.00%
Cape Breton Oilers - 1 on 4 Attempt(s) - 25.00%
Penalty Kill
Quebec Remparts - 3 on 4 Attempt(s) - 75.00%
- Score 0 goal in Penalty Kill
Cape Breton Oilers - 3 on 5 Attempt(s) - 60.00%
- Score 0 goal in Penalty Kill
Team Stat
Quebec Remparts - Hits : 24 - Faceoff Wins : 40 - Blocked Shots : 12 - Penalty Minutes : 28
Cape Breton Oilers - Hits : 25 - Faceoff Wins : 27 - Blocked Shots : 17 - Penalty Minutes : 20
Official
Referees : Wes Mccauley and Garrett Rank
Linesman : Bevan Mills and Travis Toomey
Game Notes
Kevin Bahl and David Jiricek fight to a draw at 17:12 of 1st period
Andreas Athanasiou beats up Leon Gawanke at 17:22 of 1st period
Thomas Bordeleau has scored in a empty net!
Quebec Remparts
5 vs 5 Forward
Center Left Wing Right Wing Time % Phy DF OF
1 Thomas Bordeleau Andreas Athanasiou Paul Cotter 30 1 2 2
2 Kevin Rooney Joshua Roy Nick Robertson 30 1 2 2
3 Hendrix Lapierre Adam Edstrom Rasmus Kupari 25 1 2 2
4 Matthew Poitras Olle Lycksell Thomas Bordeleau 15 1 2 2
5 vs 5 Defense
Defense Defense Time % Phy DF OF
1 Jordan Spence David Jiricek 30 1 2 2
2 Ryan Shea Dysin Mayo 30 1 2 2
3 Maximus Wanner Gavin White 25 1 2 2
4 Jordan Spence David Jiricek 15 1 2 2
PowerPlay Forward
Center Left Wing Right Wing Time % Phy DF OF
1 Thomas Bordeleau Andreas Athanasiou Paul Cotter 50 1 2 2
2 Kevin Rooney Joshua Roy Nick Robertson 50 1 2 2
PowerPlay Defense
Defense Defense Time % Phy DF OF
1 Jordan Spence David Jiricek 50 1 2 2
2 Ryan Shea Dysin Mayo 50 1 2 2
Penalty Kill 4 Players Forward
Center Wing Time % Phy DF OF
1 Thomas Bordeleau Andreas Athanasiou 50 1 2 2
2 Kevin Rooney Hendrix Lapierre 50 1 2 2
Penalty Kill 4 Players Defense
Defense Defense Time % Phy DF OF
1 Jordan Spence David Jiricek 50 1 2 2
2 Ryan Shea Dysin Mayo 50 1 2 2
Penalty Kill - 3 Players Forward
Forward Time % Phy DF OF
1 Thomas Bordeleau 50 1 2 2
2 Andreas Athanasiou 50 1 2 2
Penalty Kill - 3 Players Defense
Defense Defense Time % Phy DF OF
1 Jordan Spence David Jiricek 50 1 2 2
2 Ryan Shea Dysin Mayo 50 1 2 2
4 vs 4 Forward
Center Wing Time % Phy DF OF
1 Thomas Bordeleau Andreas Athanasiou 50 1 2 2
2 Kevin Rooney Hendrix Lapierre 50 1 2 2
4 vs 4 Defense
Defense Defense Time % Phy DF OF
1 Jordan Spence David Jiricek 50 1 2 2
2 Ryan Shea Dysin Mayo 50 1 2 2
Last Minutes Offensive
Center Left Wing Right Wing Defense Defense
Thomas Bordeleau Andreas Athanasiou Paul Cotter Jordan Spence David Jiricek
Last Minutes Defensive
Center Left Wing Right Wing Defense Defense
Thomas Bordeleau Andreas Athanasiou Paul Cotter Jordan Spence David Jiricek
Goaltenders
Starting : Devon Levi
Backup : Joseph Woll
Extra Forwards
Normal : Ivan Ivan, Matthew Poitras, Adam Edstrom - PP : Ivan Ivan, Matthew Poitras - PK : Adam Edstrom
Extra Defensemen
Normal : Maximus Wanner, Gavin White, Ryan Shea - PP : Maximus Wanner - PK : Gavin White, Ryan Shea
Penalty Shots
Thomas Bordeleau, Andreas Athanasiou, Kevin Rooney, Hendrix Lapierre, Paul Cotter
Scratches
Jakub Demek (Healthy), Ethan Samson (Healthy), Jared Davidson (Healthy), Avery Hayes (Healthy), Carson Golder (Healthy)
Jamieson Rees (Healthy), Keith Kinkaid (Healthy)
Cape Breton Oilers
5 vs 5 Forward
Center Left Wing Right Wing Time % Phy DF OF
1 Parker Kelly Brett Seney Alexey Toropchenko 30 1 2 2
2 Jonny Brodzinski Will Cuylle Luke Evangelista 30 1 2 2
3 Dominic Toninato Brennan Othmann Max Jones 25 1 2 2
4 Alex Belzile Alexey Toropchenko Carl Grundstrom 15 1 2 2
5 vs 5 Defense
Defense Defense Time % Phy DF OF
1 Kevin Bahl Philip Broberg 30 1 2 2
2 Wyatt Kaiser Vladislav Kolyachonok 30 1 2 2
3 Leon Gawanke William Trudeau 25 1 2 2
4 Kevin Bahl Philip Broberg 15 1 2 2
PowerPlay Forward
Center Left Wing Right Wing Time % Phy DF OF
1 Parker Kelly Brett Seney Alexey Toropchenko 50 1 2 2
2 Jonny Brodzinski Will Cuylle Luke Evangelista 50 1 2 2
PowerPlay Defense
Defense Defense Time % Phy DF OF
1 Kevin Bahl Philip Broberg 50 1 2 2
2 Wyatt Kaiser Vladislav Kolyachonok 50 1 2 2
Penalty Kill 4 Players Forward
Center Wing Time % Phy DF OF
1 Alexey Toropchenko Luke Evangelista 50 1 2 2
2 Max Jones Parker Kelly 50 1 2 2
Penalty Kill 4 Players Defense
Defense Defense Time % Phy DF OF
1 Kevin Bahl Philip Broberg 50 1 2 2
2 Wyatt Kaiser Vladislav Kolyachonok 50 1 2 2
Penalty Kill - 3 Players Forward
Forward Time % Phy DF OF
1 Alexey Toropchenko 50 1 2 2
2 Luke Evangelista 50 1 2 2
Penalty Kill - 3 Players Defense
Defense Defense Time % Phy DF OF
1 Kevin Bahl Philip Broberg 50 1 2 2
2 Wyatt Kaiser Vladislav Kolyachonok 50 1 2 2
4 vs 4 Forward
Center Wing Time % Phy DF OF
1 Alexey Toropchenko Luke Evangelista 50 1 2 2
2 Max Jones Parker Kelly 50 1 2 2
4 vs 4 Defense
Defense Defense Time % Phy DF OF
1 Kevin Bahl Philip Broberg 50 1 2 2
2 Wyatt Kaiser Vladislav Kolyachonok 50 1 2 2
Last Minutes Offensive
Center Left Wing Right Wing Defense Defense
Parker Kelly Brett Seney Alexey Toropchenko Kevin Bahl Philip Broberg
Last Minutes Defensive
Center Left Wing Right Wing Defense Defense
Parker Kelly Brett Seney Alexey Toropchenko Kevin Bahl Philip Broberg
Goaltenders
Starting : Hunter Jones
Backup : Unknown Goalie
Extra Forwards
Normal : Matt Luff, Carl Grundstrom, Dominic Toninato - PP : Matt Luff, Carl Grundstrom - PK : Dominic Toninato
Extra Defensemen
Normal : Leon Gawanke, William Trudeau, Wyatt Kaiser - PP : Leon Gawanke - PK : William Trudeau, Wyatt Kaiser
Penalty Shots
Alexey Toropchenko, Luke Evangelista, Max Jones, Parker Kelly, Brett Seney
Scratches
Chase Stillman (Healthy), Nolan Allan (Healthy), Josh Bloom (Healthy), Mike Benning (Healthy), Maxim Groshev (Healthy)
Jonah Gadjovich (Healthy), Jacob Ingham (Healthy), Joel Blomqvist (Healthy), Matt Villalta (Healthy)
% Time on Ice - Quebec Remparts
Lines # - Real PCT - Wanted PCT - Time Play
Normal Forward
1 - 27% - 30% - 13:03
2 - 31% - 30% - 14:57
3 - 26% - 25% - 12:31
4 - 15% - 15% - 6:59
Normal Defense
1 - 30% - 30% - 14:09
2 - 31% - 30% - 14:34
3 - 28% - 25% - 13:06
4 - 12% - 15% - 5:41
PP Forward
1 - 60% - 50% - 3:45
2 - 40% - 50% - 2:28
PP Defense
1 - 44% - 50% - 2:45
2 - 56% - 50% - 3:28
PK Forward
1 - 53% - 50% - 3:13
2 - 47% - 50% - 2:49
PK Defense
1 - 51% - 50% - 3:03
2 - 49% - 50% - 2:59
PK3 Forward
1 - 0% - 50%
2 - 0% - 50%
PK3 Defense
1 - 0% - 50%
2 - 0% - 50%
44 Forward
1 - 0% - 50%
2 - 0% - 50%
44 Defense
1 - 0% - 50%
2 - 0% - 50%
Last Minute Offensive - 0:00
Last Minute Defensive - 0:15
Total
Forward - 60:00
Defense - 60:00
|
% Time on Ice - Cape Breton Oilers
Lines # - Real PCT - Wanted PCT - Time Play
Normal Forward
1 - 28% - 30% - 13:23
2 - 31% - 30% - 14:41
3 - 27% - 25% - 12:47
4 - 14% - 15% - 6:29
Normal Defense
1 - 28% - 30% - 13:21
2 - 32% - 30% - 15:07
3 - 29% - 25% - 13:42
4 - 11% - 15% - 5:10
PP Forward
1 - 50% - 50% - 3:02
2 - 50% - 50% - 3:00
PP Defense
1 - 59% - 50% - 3:34
2 - 41% - 50% - 2:28
PK Forward
1 - 49% - 50% - 3:02
2 - 51% - 50% - 3:11
PK Defense
1 - 50% - 50% - 3:07
2 - 50% - 50% - 3:06
PK3 Forward
1 - 0% - 50%
2 - 0% - 50%
PK3 Defense
1 - 0% - 50%
2 - 0% - 50%
44 Forward
1 - 0% - 50%
2 - 0% - 50%
44 Defense
1 - 0% - 50%
2 - 0% - 50%
Last Minute Offensive - 0:25
Last Minute Defensive - 0:00
Total
Forward - 60:00
Defense - 60:00
|
Play-by-Play
1st period
0:01 of 1st period - Andreas Athanasiou wins face-off versus Parker Kelly in neutral zone.
0:05 of 1st period - Off-side.
0:06 of 1st period - Thomas Bordeleau wins face-off versus Parker Kelly in neutral zone.
0:09 of 1st period - Philip Broberg is hit by Paul Cotter and loses puck.
0:38 of 1st period - Snap shot by Hendrix Lapierre.
0:38 of 1st period - Goal by Hendrix Lapierre - Quebec Remparts : 1 - Cape Breton Oilers : 0.
0:39 of 1st period - Jonny Brodzinski wins face-off versus Kevin Rooney in neutral zone.
1:04 of 1st period - Ryan Shea is hit by Max Jones and loses puck.
1:31 of 1st period - Wrist shot by Carl Grundstrom.
1:31 of 1st period - Shot Blocked by Maximus Wanner.
1:46 of 1st period - Off-side.
1:47 of 1st period - Thomas Bordeleau wins face-off versus Jonny Brodzinski in neutral zone.
1:50 of 1st period - Snap shot by Thomas Bordeleau.
1:50 of 1st period - Stopped by Hunter Jones with a rebound.
2:40 of 1st period - Snap shot by Alexey Toropchenko.
2:40 of 1st period - Stopped by Devon Levi without a rebound.
2:41 of 1st period - Kevin Rooney wins face-off versus Jonny Brodzinski in Quebec Remparts zone.
2:49 of 1st period - Slapshot by Kevin Rooney.
2:49 of 1st period - Stopped by Hunter Jones without a rebound.
2:50 of 1st period - Kevin Rooney wins face-off versus Will Cuylle in Cape Breton Oilers zone.
3:30 of 1st period - Kevin Bahl is hit by Nick Robertson and loses puck.
3:45 of 1st period - Snap shot by Luke Evangelista.
3:45 of 1st period - Stopped by Devon Levi with a rebound.
4:21 of 1st period - Wrist shot by Nick Robertson.
4:21 of 1st period - Stopped by Hunter Jones with a rebound.
4:27 of 1st period - Snap shot by Nick Robertson.
4:27 of 1st period - Stopped by Hunter Jones with a rebound.
4:29 of 1st period - Wrist shot by Nick Robertson.
4:29 of 1st period - Shot Misses the Net.
4:31 of 1st period - Slapshot by Maximus Wanner.
4:31 of 1st period - Deflect By Nick Robertson.
4:31 of 1st period - Stopped by Hunter Jones without a rebound.
4:32 of 1st period - Thomas Bordeleau wins face-off versus Dominic Toninato in Cape Breton Oilers zone.
4:33 of 1st period - Snap shot by Andreas Athanasiou.
4:33 of 1st period - Shot Blocked by William Trudeau.
5:20 of 1st period - Icing by Thomas Bordeleau.
5:21 of 1st period - Parker Kelly wins face-off versus Thomas Bordeleau in Quebec Remparts zone.
5:54 of 1st period - Snap shot by Adam Edstrom.
5:54 of 1st period - Shot Blocked by Wyatt Kaiser.
7:31 of 1st period - Wrist shot by Brennan Othmann.
7:31 of 1st period - Shot Misses the Net.
7:33 of 1st period - Snap shot by Kevin Bahl.
7:33 of 1st period - Shot Blocked by Dysin Mayo.
8:01 of 1st period - Wrist shot by Alex Belzile.
8:01 of 1st period - Shot Blocked by David Jiricek.
8:03 of 1st period - Slapshot by Matt Luff.
8:03 of 1st period - Stopped by Devon Levi without a rebound.
8:04 of 1st period - Dominic Toninato wins face-off versus Kevin Rooney in Quebec Remparts zone.
8:15 of 1st period - Slapshot by Joshua Roy.
8:15 of 1st period - Shot Blocked by Wyatt Kaiser.
8:51 of 1st period - Snap shot by Alexey Toropchenko.
8:51 of 1st period - Shot Misses the Net.
8:53 of 1st period - Slapshot by Brett Seney.
8:53 of 1st period - Shot Blocked by Maximus Wanner.
9:05 of 1st period - Wrist shot by Thomas Bordeleau.
9:05 of 1st period - Stopped by Hunter Jones without a rebound.
9:06 of 1st period - Adam Edstrom wins face-off versus Jonny Brodzinski in Cape Breton Oilers zone.
9:11 of 1st period - Snap shot by Hendrix Lapierre.
9:11 of 1st period - Goal by Hendrix Lapierre - Quebec Remparts : 2 - Cape Breton Oilers : 0.
9:12 of 1st period - Hendrix Lapierre wins face-off versus Brett Seney in neutral zone.
9:15 of 1st period - Snap shot by Hendrix Lapierre.
9:15 of 1st period - Stopped by Hunter Jones with a rebound.
9:17 of 1st period - Snap shot by Adam Edstrom.
9:17 of 1st period - Shot Misses the Net.
9:19 of 1st period - Slapshot by Jordan Spence.
9:19 of 1st period - Stopped by Hunter Jones with a rebound.
9:25 of 1st period - Slapshot by Hendrix Lapierre.
9:25 of 1st period - Shot Blocked by Kevin Bahl.
9:27 of 1st period - Snap shot by Rasmus Kupari.
9:27 of 1st period - Shot Misses the Net.
10:44 of 1st period - William Trudeau is hit by David Jiricek and loses puck.
10:55 of 1st period - Brennan Othmann is hit by Kevin Rooney and loses puck.
11:04 of 1st period - Minor Penalty to Leon Gawanke for Interference.
11:05 of 1st period - Kevin Rooney wins face-off versus Alexey Toropchenko in Cape Breton Oilers zone.
11:14 of 1st period - Snap shot by Joshua Roy.
11:14 of 1st period - Goal by Joshua Roy - Quebec Remparts : 3 - Cape Breton Oilers : 0.
11:15 of 1st period - Andreas Athanasiou wins face-off versus Parker Kelly in neutral zone.
11:43 of 1st period - Minor Penalty to Will Cuylle for High sticking.
11:44 of 1st period - Paul Cotter wins face-off versus Max Jones in Cape Breton Oilers zone.
11:49 of 1st period - Snap shot by Thomas Bordeleau.
11:49 of 1st period - Goal by Thomas Bordeleau - Quebec Remparts : 4 - Cape Breton Oilers : 0.
11:50 of 1st period - Thomas Bordeleau wins face-off versus Parker Kelly in neutral zone.
11:53 of 1st period - Alexey Toropchenko is hit by David Jiricek and loses puck.
12:24 of 1st period - Slapshot by Thomas Bordeleau.
12:24 of 1st period - Deflect By Adam Edstrom.
12:24 of 1st period - Shot Blocked by Luke Evangelista.
12:24 of 1st period - Puck is out of play.
12:25 of 1st period - Hendrix Lapierre wins face-off versus Jonny Brodzinski in Cape Breton Oilers zone.
12:39 of 1st period - Snap shot by Hendrix Lapierre.
12:39 of 1st period - Stopped by Hunter Jones with a rebound.
12:41 of 1st period - Wrist shot by Adam Edstrom.
12:41 of 1st period - Goal by Adam Edstrom - Quebec Remparts : 5 - Cape Breton Oilers : 0.
12:42 of 1st period - Kevin Rooney wins face-off versus Parker Kelly in neutral zone.
12:45 of 1st period - Alexey Toropchenko is hit by David Jiricek and loses puck.
12:58 of 1st period - Slapshot by Parker Kelly.
12:58 of 1st period - Shot Blocked by Kevin Rooney.
13:31 of 1st period - Hendrix Lapierre is hit by Jonny Brodzinski and loses puck.
14:26 of 1st period - Snap shot by Luke Evangelista.
14:26 of 1st period - Stopped by Devon Levi with a rebound.
14:28 of 1st period - Snap shot by Luke Evangelista.
14:28 of 1st period - Stopped by Devon Levi with a rebound.
14:40 of 1st period - Maximus Wanner is hit by Max Jones and loses puck.
16:32 of 1st period - Snap shot by Max Jones.
16:32 of 1st period - Stopped by Devon Levi without a rebound.
16:33 of 1st period - Dominic Toninato wins face-off versus Kevin Rooney in Quebec Remparts zone.
16:40 of 1st period - Wrist shot by Brennan Othmann.
16:40 of 1st period - Stopped by Devon Levi with a rebound.
16:42 of 1st period - Snap shot by Brennan Othmann.
16:42 of 1st period - Shot Misses the Net.
16:48 of 1st period - Slapshot by Dominic Toninato.
16:48 of 1st period - Stopped by Devon Levi with a rebound.
16:57 of 1st period - Icing by Nick Robertson.
16:58 of 1st period - Thomas Bordeleau wins face-off versus Jonny Brodzinski in Quebec Remparts zone.
17:03 of 1st period - Wrist shot by Will Cuylle.
17:03 of 1st period - Deflect By Luke Evangelista.
17:03 of 1st period - Deflect By Paul Cotter.
17:03 of 1st period - Stopped by Devon Levi without a rebound.
17:04 of 1st period - Parker Kelly wins face-off versus Thomas Bordeleau in Quebec Remparts zone.
17:09 of 1st period - Slapshot by Alexey Toropchenko.
17:09 of 1st period - Stopped by Devon Levi without a rebound.
17:10 of 1st period - Parker Kelly wins face-off versus Thomas Bordeleau in Quebec Remparts zone.
17:12 of 1st period - Kevin Bahl and David Jiricek fight to a draw.
17:12 of 1st period - Penalty to Kevin Bahl for Fighting.
17:12 of 1st period - Penalty to David Jiricek for Fighting.
17:13 of 1st period - Parker Kelly wins face-off versus Andreas Athanasiou in Quebec Remparts zone.
17:20 of 1st period - Brett Seney is hit by Paul Cotter and loses puck.
17:22 of 1st period - Andreas Athanasiou beats up Leon Gawanke.
17:22 of 1st period - Penalty to Leon Gawanke for Fighting.
17:22 of 1st period - Penalty to Andreas Athanasiou for Fighting.
17:22 of 1st period - Penalty to Andreas Athanasiou for instigated a fight.
17:22 of 1st period - Penalty to Andreas Athanasiou for instigated a fight.
17:23 of 1st period - Parker Kelly wins face-off versus Thomas Bordeleau in Cape Breton Oilers zone.
18:50 of 1st period - William Trudeau is hit by Jordan Spence.
18:54 of 1st period - Jordan Spence is hit by Luke Evangelista.
19:22 of 1st period - Penalty to Andreas Athanasiou is over, Adam Edstrom is send on ice.
Goals for this period are 5 for Quebec Remparts vs 0 for Cape Breton Oilers.
Shots for this period are 14 for Quebec Remparts vs 10 for Cape Breton Oilers.
2nd period
0:01 of 2nd period - Parker Kelly wins face-off versus Thomas Bordeleau in neutral zone.
0:38 of 2nd period - Snap shot by Joshua Roy.
0:38 of 2nd period - Stopped by Hunter Jones with a rebound.
0:48 of 2nd period - Vladislav Kolyachonok is hit by Hendrix Lapierre and loses puck.
1:43 of 2nd period - Wrist shot by Thomas Bordeleau.
1:43 of 2nd period - Stopped by Hunter Jones without a rebound.
1:44 of 2nd period - Parker Kelly wins face-off versus Hendrix Lapierre in Cape Breton Oilers zone.
1:51 of 2nd period - Wrist shot by Brett Seney.
1:51 of 2nd period - Shot Misses the Net.
2:13 of 2nd period - Snap shot by Max Jones.
2:13 of 2nd period - Stopped by Devon Levi with a rebound.
2:15 of 2nd period - Slapshot by Max Jones.
2:15 of 2nd period - Shot Misses the Net.
2:17 of 2nd period - Wrist shot by Max Jones.
2:17 of 2nd period - Goal by Max Jones - Quebec Remparts : 5 - Cape Breton Oilers : 1.
2:18 of 2nd period - Parker Kelly wins face-off versus Thomas Bordeleau in neutral zone.
2:43 of 2nd period - Hendrix Lapierre is hit by Jonny Brodzinski.
2:49 of 2nd period - Snap shot by Will Cuylle.
2:49 of 2nd period - Stopped by Devon Levi without a rebound.
2:50 of 2nd period - Nick Robertson wins face-off versus Jonny Brodzinski in Quebec Remparts zone.
2:59 of 2nd period - Slapshot by Joshua Roy.
2:59 of 2nd period - Stopped by Hunter Jones with a rebound.
3:01 of 2nd period - Wrist shot by Joshua Roy.
3:01 of 2nd period - Shot Blocked by William Trudeau.
3:03 of 2nd period - Snap shot by Kevin Rooney.
3:03 of 2nd period - Stopped by Hunter Jones with a rebound.
3:21 of 2nd period - Off-side.
3:22 of 2nd period - Parker Kelly wins face-off versus Thomas Bordeleau in neutral zone.
3:25 of 2nd period - Thomas Bordeleau is hit by Brett Seney and loses puck.
3:32 of 2nd period - Snap shot by Brett Seney.
3:32 of 2nd period - Shot Misses the Net.
4:13 of 2nd period - Kevin Rooney is hit by Carl Grundstrom and loses puck.
4:35 of 2nd period - Snap shot by Matthew Poitras.
4:35 of 2nd period - Stopped by Hunter Jones with a rebound.
4:51 of 2nd period - Maximus Wanner is hit by Kevin Bahl and loses puck.
4:58 of 2nd period - Philip Broberg is hit by Paul Cotter and loses puck.
5:36 of 2nd period - Snap shot by Dominic Toninato.
5:36 of 2nd period - Shot Blocked by Dysin Mayo.
5:38 of 2nd period - Snap shot by Dominic Toninato.
5:38 of 2nd period - Stopped by Devon Levi with a rebound.
5:54 of 2nd period - Snap shot by Nick Robertson.
5:54 of 2nd period - Stopped by Hunter Jones without a rebound.
5:55 of 2nd period - Jonny Brodzinski wins face-off versus Kevin Rooney in Cape Breton Oilers zone.
6:21 of 2nd period - Thomas Bordeleau is hit by William Trudeau and loses puck.
6:28 of 2nd period - Wrist shot by Max Jones.
6:28 of 2nd period - Shot Blocked by David Jiricek.
6:30 of 2nd period - Snap shot by Dominic Toninato.
6:30 of 2nd period - Goal by Dominic Toninato - Quebec Remparts : 5 - Cape Breton Oilers : 2.
6:31 of 2nd period - Thomas Bordeleau wins face-off versus Parker Kelly in neutral zone.
6:33 of 2nd period - Minor Penalty to Paul Cotter for Holding.
6:34 of 2nd period - Jonny Brodzinski wins face-off versus Kevin Rooney in Quebec Remparts zone.
6:34 of 2nd period - Snap shot by Luke Evangelista.
6:34 of 2nd period - Shot Blocked by Dysin Mayo.
6:36 of 2nd period - Wrist shot by Jonny Brodzinski.
6:36 of 2nd period - Stopped by Devon Levi with a rebound.
6:38 of 2nd period - Slapshot by Vladislav Kolyachonok.
6:38 of 2nd period - Goal by Vladislav Kolyachonok - Quebec Remparts : 5 - Cape Breton Oilers : 3.
6:39 of 2nd period - Parker Kelly wins face-off versus Thomas Bordeleau in neutral zone.
7:43 of 2nd period - Wrist shot by Carl Grundstrom.
7:43 of 2nd period - Shot Blocked by Matthew Poitras.
7:45 of 2nd period - Snap shot by Carl Grundstrom.
7:45 of 2nd period - Goal by Carl Grundstrom - Quebec Remparts : 5 - Cape Breton Oilers : 4.
7:46 of 2nd period - Parker Kelly wins face-off versus Thomas Bordeleau in neutral zone.
7:49 of 2nd period - Snap shot by Brett Seney.
7:49 of 2nd period - Shot Misses the Net.
7:51 of 2nd period - Slapshot by Kevin Bahl.
7:51 of 2nd period - Stopped by Devon Levi without a rebound.
7:52 of 2nd period - Parker Kelly wins face-off versus Thomas Bordeleau in Quebec Remparts zone.
8:03 of 2nd period - Wrist shot by Thomas Bordeleau.
8:03 of 2nd period - Stopped by Hunter Jones without a rebound.
8:04 of 2nd period - Thomas Bordeleau wins face-off versus Brett Seney in Cape Breton Oilers zone.
8:45 of 2nd period - Wrist shot by Adam Edstrom.
8:45 of 2nd period - Shot Misses the Net.
8:54 of 2nd period - Snap shot by Brett Seney.
8:54 of 2nd period - Stopped by Devon Levi without a rebound.
8:55 of 2nd period - Kevin Rooney wins face-off versus Jonny Brodzinski in Quebec Remparts zone.
9:00 of 2nd period - Slapshot by Joshua Roy.
9:00 of 2nd period - Stopped by Hunter Jones with a rebound.
9:06 of 2nd period - Wrist shot by Kevin Rooney.
9:06 of 2nd period - Shot Misses the Net.
9:08 of 2nd period - Snap shot by Kevin Rooney.
9:08 of 2nd period - Shot Blocked by Leon Gawanke.
9:20 of 2nd period - Paul Cotter is hit by Leon Gawanke and loses puck.
10:22 of 2nd period - Off-side.
10:23 of 2nd period - Thomas Bordeleau wins face-off versus Jonny Brodzinski in neutral zone.
10:30 of 2nd period - Slapshot by Paul Cotter.
10:30 of 2nd period - Shot Misses the Net.
10:32 of 2nd period - Slapshot by Dysin Mayo.
10:32 of 2nd period - Stopped by Hunter Jones without a rebound.
10:33 of 2nd period - Luke Evangelista wins face-off versus Thomas Bordeleau in Cape Breton Oilers zone.
10:52 of 2nd period - Snap shot by Paul Cotter.
10:52 of 2nd period - Shot Hit the Post.
10:54 of 2nd period - Wrist shot by Thomas Bordeleau.
10:54 of 2nd period - Stopped by Hunter Jones without a rebound.
10:55 of 2nd period - Nick Robertson wins face-off versus Brett Seney in Cape Breton Oilers zone.
10:58 of 2nd period - Wrist shot by Kevin Rooney.
10:58 of 2nd period - Shot Blocked by Wyatt Kaiser.
11:16 of 2nd period - Minor Penalty to Maximus Wanner for Roughing.
11:17 of 2nd period - Kevin Rooney wins face-off versus Parker Kelly in Quebec Remparts zone.
11:17 of 2nd period - Kevin Rooney is hit by Vladislav Kolyachonok.
12:22 of 2nd period - 10 Minutes Misconduct Penalty to Andreas Athanasiou is over.
12:38 of 2nd period - Ryan Shea is hit by Kevin Bahl and loses puck.
13:16 of 2nd period - Penalty to Maximus Wanner is over, Maximus Wanner is back on ice.
13:21 of 2nd period - Adam Edstrom is hit by Brennan Othmann and loses puck.
13:26 of 2nd period - Snap shot by Dominic Toninato.
13:26 of 2nd period - Shot Blocked by Dysin Mayo.
13:28 of 2nd period - Slapshot by William Trudeau.
13:28 of 2nd period - Stopped by Devon Levi without a rebound.
13:29 of 2nd period - Matthew Poitras wins face-off versus Dominic Toninato in Quebec Remparts zone.
13:34 of 2nd period - Backhand shot by Dominic Toninato.
13:34 of 2nd period - Stopped by Devon Levi without a rebound.
13:35 of 2nd period - Matthew Poitras wins face-off versus Dominic Toninato in Quebec Remparts zone.
13:35 of 2nd period - Matthew Poitras is hit by Brennan Othmann.
13:44 of 2nd period - Off-side.
13:45 of 2nd period - Kevin Rooney wins face-off versus Alexey Toropchenko in neutral zone.
14:11 of 2nd period - Wyatt Kaiser is hit by Thomas Bordeleau and loses puck.
14:35 of 2nd period - Off-side.
14:36 of 2nd period - Parker Kelly wins face-off versus Kevin Rooney in neutral zone.
14:49 of 2nd period - Snap shot by Joshua Roy.
14:49 of 2nd period - Shot Misses the Net.
15:08 of 2nd period - Snap shot by Thomas Bordeleau.
15:08 of 2nd period - Shot Misses the Net.
15:26 of 2nd period - Dominic Toninato is hit by Jordan Spence and loses puck.
16:15 of 2nd period - Snap shot by Luke Evangelista.
16:15 of 2nd period - Shot Blocked by Nick Robertson.
16:17 of 2nd period - Snap shot by Vladislav Kolyachonok.
16:17 of 2nd period - Deflect By Will Cuylle.
16:17 of 2nd period - Stopped by Devon Levi with a rebound.
16:19 of 2nd period - Slapshot by Luke Evangelista.
16:19 of 2nd period - Stopped by Devon Levi with a rebound.
16:35 of 2nd period - Max Jones is hit by Thomas Bordeleau and loses puck.
16:52 of 2nd period - Wrist shot by Matthew Poitras.
16:52 of 2nd period - Shot Misses the Net.
16:54 of 2nd period - Wrist shot by Thomas Bordeleau.
16:54 of 2nd period - Deflect By Olle Lycksell.
16:54 of 2nd period - Stopped by Hunter Jones without a rebound.
16:55 of 2nd period - Matthew Poitras wins face-off versus Parker Kelly in Cape Breton Oilers zone.
17:04 of 2nd period - Slapshot by Thomas Bordeleau.
17:04 of 2nd period - Shot Blocked by Alexey Toropchenko.
17:06 of 2nd period - Wrist shot by Matthew Poitras.
17:06 of 2nd period - Shot Misses the Net.
17:16 of 2nd period - Ryan Shea is hit by Jonny Brodzinski and loses puck.
17:25 of 2nd period - Slapshot by Joshua Roy.
17:25 of 2nd period - Shot Blocked by Kevin Bahl.
17:53 of 2nd period - Dominic Toninato is hit by Thomas Bordeleau and loses puck.
18:16 of 2nd period - Slapshot by Alexey Toropchenko.
18:16 of 2nd period - Goal by Alexey Toropchenko - Quebec Remparts : 5 - Cape Breton Oilers : 5.
18:17 of 2nd period - Kevin Rooney wins face-off versus Alex Belzile in neutral zone.
18:20 of 2nd period - Snap shot by Joshua Roy.
18:20 of 2nd period - Stopped by Hunter Jones with a rebound.
18:22 of 2nd period - Wrist shot by Gavin White.
18:22 of 2nd period - Shot Blocked by Alex Belzile.
18:24 of 2nd period - Wrist shot by Joshua Roy.
18:24 of 2nd period - Shot Blocked by Leon Gawanke.
18:26 of 2nd period - Wrist shot by Maximus Wanner.
18:26 of 2nd period - Stopped by Hunter Jones without a rebound.
18:27 of 2nd period - Alex Belzile wins face-off versus Kevin Rooney in Cape Breton Oilers zone.
18:52 of 2nd period - Wrist shot by Nick Robertson.
18:52 of 2nd period - Stopped by Hunter Jones without a rebound.
18:53 of 2nd period - Thomas Bordeleau wins face-off versus Jonny Brodzinski in Cape Breton Oilers zone.
19:00 of 2nd period - Backhand shot by Andreas Athanasiou.
19:00 of 2nd period - Stopped by Hunter Jones without a rebound.
19:01 of 2nd period - Luke Evangelista wins face-off versus Thomas Bordeleau in Cape Breton Oilers zone.
19:03 of 2nd period - Minor Penalty to Kevin Bahl for Tripping.
19:04 of 2nd period - Max Jones wins face-off versus Thomas Bordeleau in Cape Breton Oilers zone.
Goals for this period are 0 for Quebec Remparts vs 5 for Cape Breton Oilers.
Shots for this period are 15 for Quebec Remparts vs 15 for Cape Breton Oilers.
3rd period
0:01 of 3rd period - Max Jones wins face-off versus Kevin Rooney in neutral zone.
0:04 of 3rd period - Slapshot by Wyatt Kaiser.
0:04 of 3rd period - Deflect By Max Jones.
0:04 of 3rd period - Shot Misses the Net.
0:04 of 3rd period - Puck is out of play.
0:05 of 3rd period - Kevin Rooney wins face-off versus Max Jones in Quebec Remparts zone.
0:21 of 3rd period - Off-side.
0:22 of 3rd period - Thomas Bordeleau wins face-off versus Alexey Toropchenko in neutral zone.
0:37 of 3rd period - Philip Broberg is hit by Thomas Bordeleau and loses puck.
1:03 of 3rd period - Penalty to Kevin Bahl is over, Kevin Bahl is back on ice.
1:14 of 3rd period - Jonny Brodzinski is hit by Adam Edstrom and loses puck.
1:27 of 3rd period - Jordan Spence is hit by Carl Grundstrom and loses puck.
2:00 of 3rd period - Nick Robertson is hit by Will Cuylle and loses puck.
2:14 of 3rd period - Off-side.
2:15 of 3rd period - Thomas Bordeleau wins face-off versus Parker Kelly in neutral zone.
2:46 of 3rd period - Slapshot by Gavin White.
2:46 of 3rd period - Stopped by Hunter Jones with a rebound.
2:48 of 3rd period - Wrist shot by Gavin White.
2:48 of 3rd period - Shot Blocked by Leon Gawanke.
2:50 of 3rd period - Wrist shot by Rasmus Kupari.
2:50 of 3rd period - Goal by Rasmus Kupari - Quebec Remparts : 6 - Cape Breton Oilers : 5.
2:51 of 3rd period - Thomas Bordeleau wins face-off versus Parker Kelly in neutral zone.
2:51 of 3rd period - Andreas Athanasiou is hit by Parker Kelly and loses puck.
3:03 of 3rd period - Minor Penalty to Brett Seney for Roughing.
3:04 of 3rd period - Thomas Bordeleau wins face-off versus Alexey Toropchenko in Cape Breton Oilers zone.
3:08 of 3rd period - Snap shot by Andreas Athanasiou.
3:08 of 3rd period - Shot Misses the Net.
3:10 of 3rd period - Slapshot by Andreas Athanasiou.
3:10 of 3rd period - Shot Misses the Net.
3:12 of 3rd period - Wrist shot by David Jiricek.
3:12 of 3rd period - Deflect By Luke Evangelista.
3:12 of 3rd period - Stopped by Hunter Jones without a rebound.
3:13 of 3rd period - Thomas Bordeleau wins face-off versus Luke Evangelista in Cape Breton Oilers zone.
3:20 of 3rd period - Snap shot by Andreas Athanasiou.
3:20 of 3rd period - Shot Misses the Net.
3:54 of 3rd period - Snap shot by Thomas Bordeleau.
3:54 of 3rd period - Stopped by Hunter Jones with a rebound.
4:12 of 3rd period - Slapshot by Thomas Bordeleau.
4:12 of 3rd period - Stopped by Hunter Jones without a rebound.
4:13 of 3rd period - Kevin Rooney wins face-off versus Alexey Toropchenko in Cape Breton Oilers zone.
4:24 of 3rd period - Snap shot by Kevin Rooney.
4:24 of 3rd period - Deflect By Nick Robertson.
4:24 of 3rd period - Stopped by Hunter Jones with a rebound.
5:03 of 3rd period - Penalty to Brett Seney is over, Brett Seney is back on ice.
5:20 of 3rd period - William Trudeau is hit by Dysin Mayo and loses puck.
6:27 of 3rd period - Thomas Bordeleau is hit by Brett Seney.
6:35 of 3rd period - Paul Cotter is hit by Brett Seney and loses puck.
6:48 of 3rd period - Kevin Bahl is hit by Rasmus Kupari and loses puck.
7:25 of 3rd period - Slapshot by Alex Belzile.
7:25 of 3rd period - Stopped by Devon Levi with a rebound.
7:27 of 3rd period - Slapshot by Brennan Othmann.
7:27 of 3rd period - Stopped by Devon Levi without a rebound.
7:28 of 3rd period - Dominic Toninato wins face-off versus Hendrix Lapierre in Quebec Remparts zone.
8:25 of 3rd period - Minor Penalty to Brett Seney for Boarding.
8:26 of 3rd period - Max Jones wins face-off versus Kevin Rooney in Cape Breton Oilers zone.
8:33 of 3rd period - Snap shot by Parker Kelly.
8:33 of 3rd period - Shot Blocked by Nick Robertson.
9:14 of 3rd period - Icing by Paul Cotter.
9:15 of 3rd period - Thomas Bordeleau wins face-off versus Alexey Toropchenko in Quebec Remparts zone.
9:22 of 3rd period - Slapshot by Ryan Shea.
9:22 of 3rd period - Deflect By Thomas Bordeleau.
9:22 of 3rd period - Shot Blocked by Alexey Toropchenko.
9:22 of 3rd period - Puck is out of play.
9:23 of 3rd period - Kevin Rooney wins face-off versus Max Jones in Cape Breton Oilers zone.
9:30 of 3rd period - Snap shot by Joshua Roy.
9:30 of 3rd period - Shot Blocked by Philip Broberg.
9:38 of 3rd period - Snap shot by Joshua Roy.
9:38 of 3rd period - Deflect By Kevin Rooney.
9:38 of 3rd period - Shot Hit the Post.
9:38 of 3rd period - Puck is out of play.
9:39 of 3rd period - Thomas Bordeleau wins face-off versus Alexey Toropchenko in Cape Breton Oilers zone.
10:03 of 3rd period - Andreas Athanasiou is hit by Wyatt Kaiser.
10:25 of 3rd period - Penalty to Brett Seney is over, Brett Seney is back on ice.
10:33 of 3rd period - Jonny Brodzinski is hit by Ryan Shea and loses puck.
11:15 of 3rd period - Wrist shot by Hendrix Lapierre.
11:15 of 3rd period - Stopped by Hunter Jones with a rebound.
11:17 of 3rd period - Wrist shot by Hendrix Lapierre.
11:17 of 3rd period - Shot Blocked by Dominic Toninato.
11:19 of 3rd period - Slapshot by David Jiricek.
11:19 of 3rd period - Shot Blocked by Dominic Toninato.
11:29 of 3rd period - Snap shot by William Trudeau.
11:29 of 3rd period - Stopped by Devon Levi with a rebound.
11:31 of 3rd period - Wrist shot by William Trudeau.
11:31 of 3rd period - Deflect By Brett Seney.
11:31 of 3rd period - Shot Misses the Net.
11:31 of 3rd period - Puck is out of play.
11:32 of 3rd period - Matthew Poitras wins face-off versus Parker Kelly in Quebec Remparts zone.
11:39 of 3rd period - Kevin Bahl is hit by Ivan Ivan and loses puck.
12:09 of 3rd period - Snap shot by Nick Robertson.
12:09 of 3rd period - Stopped by Hunter Jones with a rebound.
13:00 of 3rd period - Alex Belzile is hit by Jordan Spence and loses puck.
14:23 of 3rd period - Will Cuylle is hit by Dysin Mayo and loses puck.
14:56 of 3rd period - Icing by Joshua Roy.
14:57 of 3rd period - Dominic Toninato wins face-off versus Kevin Rooney in Quebec Remparts zone.
15:11 of 3rd period - Minor Penalty to Joshua Roy for Roughing.
15:12 of 3rd period - Kevin Rooney wins face-off versus Jonny Brodzinski in Quebec Remparts zone.
15:12 of 3rd period - Kevin Rooney is hit by Will Cuylle.
16:02 of 3rd period - Andreas Athanasiou is hit by Will Cuylle and loses puck.
17:02 of 3rd period - Brett Seney is hit by Paul Cotter and loses puck.
17:07 of 3rd period - Slapshot by Paul Cotter.
17:07 of 3rd period - Shot Misses the Net.
17:11 of 3rd period - Penalty to Joshua Roy is over, Joshua Roy is back on ice.
17:31 of 3rd period - Snap shot by Joshua Roy.
17:31 of 3rd period - Stopped by Hunter Jones with a rebound.
17:33 of 3rd period - Slapshot by Gavin White.
17:33 of 3rd period - Shot Misses the Net.
17:55 of 3rd period - Kevin Rooney is hit by Wyatt Kaiser and loses puck.
18:08 of 3rd period - Dysin Mayo is hit by Carl Grundstrom and loses puck.
18:25 of 3rd period - Carl Grundstrom is hit by Thomas Bordeleau and loses puck.
18:54 of 3rd period - Cape Breton Oilers, Hunter Jones is pulled from the net.
19:08 of 3rd period - Wrist shot by Brett Seney.
19:08 of 3rd period - Shot Misses the Net.
19:14 of 3rd period - Wrist shot by Thomas Bordeleau.
19:14 of 3rd period - Goal by Thomas Bordeleau - Quebec Remparts : 7 - Cape Breton Oilers : 5.
19:14 of 3rd period - Hunter Jones from Cape Breton Oilers was sent back in the game.
19:15 of 3rd period - Parker Kelly wins face-off versus Hendrix Lapierre in neutral zone.
Goals for this period are 2 for Quebec Remparts vs 0 for Cape Breton Oilers.
Shots for this period are 10 for Quebec Remparts vs 3 for Cape Breton Oilers.
Back to the Top